 Dungeon Crawl Stone Soup version 0.25-a0-294-gea9b1ad378 (webtiles) character file.

Game seed: 872583928114120392, levelgen mode: deterministic

49 Lanoc the Sneak (level 3, 0/19 HPs)
             Began as a Vampire Enchanter on Dec 19, 2019.
             Slain by an adder (4 damage)
             ... on level 2 of the Dungeon.
             The game lasted 00:04:59 (1173 turns).

Lanoc the Sneak (Vampire Enchanter)                 Turns: 1173, Time: 00:05:00

Health: 0/19       AC:  2    Str:  2 (5)  XL:     3   Next: 51%
Magic:  1/6        EV: 12    Int: 17 (18) God:
Gold:   70         SH:  0    Dex: 11 (14) Spells: 0/6 levels left

rFire    + . .     SeeInvis +   a - +1 dagger
rCold    + + +     Gourm    .   (no shield)
rNeg     + + +     Faith    .   m - +0 robe
rPois    ∞         Spirit   .   (no helmet)
rElec    .         Reflect  .   (no cloak)
rCorr    .         Harm     .   (no gloves)
MR       .....                  (no boots)
Stlth    +++++.....             (no amulet)
HPRegen  0.00/turn              j - ring of positive energy
MPRegen  0.10/turn              (no ring)

@: flying, very slightly contaminated, bloodless
A: no food, fangs 3, see invisible, cold resistance 1, fire resistance 1, weak
1, unbreathing
a: Bat Form, Revivify


You were on level 2 of the Dungeon.
You were bloodless.

You visited 1 branch of the dungeon, and saw 2 of its levels.

You collected 70 gold pieces.

Inventory:

Hand Weapons
 a - a +1 dagger (weapon)
 b - a +0 hunting sling
Missiles
 l - 19 sling bullets
Armour
 m - a +0 robe (worn)
Jewellery
 j - a ring of positive energy (left hand)
Scrolls
 c - a scroll of fear {unknown}
 e - a scroll of magic mapping {unknown}
 i - a scroll of identify {unknown}
 n - a scroll of amnesia {unknown}
 o - a scroll of enchant weapon {unknown}
 p - a scroll of teleportation {unknown}
 q - a scroll of immolation {unknown}


   Skills:
 + Level 1.9 Short Blades
 + Level 2.7 Dodging
 * Level 5.6 Stealth
 - Level 2.0 Spellcasting
 + Level 4.9 Hexes


You couldn't memorise any spells.
You knew the following spells:

 Your Spells              Type           Power        Failure   Level  Hunger
a - Corona                Hex            ###....      2%          1    N/A
b - Ensorcelled Hibernat  Hex/Ice        ##....       11%         2    N/A
c - Tukima's Dance        Hex            ###.....     8%          3    N/A

Your spell library contained the following spells:

 Spells                   Type           Power        Failure   Level  Hunger
 Confuse                  Hex            ###.....     8%          3    N/A
 Dazzling Flash           Conj/Hex       ##....       22%         3    N/A

Dungeon Overview and Level Annotations

Branches:
Dungeon (2/15)

Altars:
Kikubaaqudgha


Innate Abilities, Weirdness & Mutations

You do not eat.
You do not regenerate when monsters are visible.
You are frail without blood (-20% HP).
You can heal yourself when you bite living creatures.
You are immune to poison.
You have razor-sharp teeth.
You have supernaturally acute eyesight. (SInv)
You can survive without breathing.
Your flesh is cold resistant. (rC+)
Your flesh is heat resistant. (rF+)
You are weak. (Str -2)


Message History

You barely miss the adder.
The adder is moderately wounded.
The adder barely misses you.
You hit the adder but do no damage.
The adder is moderately wounded.
The adder barely misses you. The adder bites you.
It was a potion of degeneration.
There was something very wrong with that liquid.
You feel weakened.
You feel dopey.
You feel clumsy. The adder closely misses you.
It was a potion of flight.
You feel very buoyant.
You fly up into the air.
The adder bites you.
* * * LOW HITPOINT WARNING * * *
It was a potion of lignification.
You feel woody for a moment. The adder closely misses you. x2
You hit the adder but do no damage.
The adder is moderately wounded.
The adder bites you.
You die...

.##..........###.# ##
.(.....⌠.......<.##...
##...#..†.≈≈≈.........
#...##...≈≈≈≈...##.##
#...##...≈≈≈....#
#...#..≈≈≈≈≈....#
##...#.≈.........#
.....#._.....⌠.#.#
.....#....##...#@#
.....########.##S# .
##........ ..##g### ....
#...##... ### #r..#.....
#......## ###......≈.≈
##...#####..##....)..≈≈≈P
...............≈.≈.P≈≈P≈≈
P..≈.≈≈.≈.P.!.≈≈≈P≈≈≈≈≈≈≈
....≈≈≈≈≈P≈≈.P≈P≈≈≈≈≈≈≈≈≈


You could see an adder, a quokka and a hobgoblin.

Vanquished Creatures
  2 dart slugs
  3 bats
  7 giant cockroaches
  3 goblins (D:1)
  2 hobgoblins (D:2)
  8 jackals
  5 kobolds (D:1)
  A ball python (D:2)
  2 frilled lizards
  8 rats
41 creatures vanquished.

Notes
Turn   | Place    | Note
-------+----------+-------------------------------------------
     0 | D:1      | Lanoc the Vampire Enchanter began the quest for the Orb.
     0 | D:1      | Reached XP level 1. HP: 13/13 MP: 3/3
   269 | D:1      | Reached XP level 2. HP: 13/15 MP: 5/5
   292 | D:1      | Reached skill level 5 in Stealth
   436 | D:1      | Learned a level 2 spell: Ensorcelled Hibernation
   603 | D:1      | Reached XP level 3. HP: 19/19 MP: 6/6
   608 | D:1      | Learned a level 3 spell: Tukima's Dance
  1038 | D:2      | Found an ancient bone altar of Kikubaaqudgha.
  1166 | D:2      | Gained mutation: Your flesh is cold resistant. (rC+)
                  | [potion of mutation]
  1166 | D:2      | Gained mutation: You are weak. (Str -2) [potion of
                  | mutation]
  1166 | D:2      | Gained mutation: Your flesh is heat resistant. (rF+)
                  | [potion of mutation]
  1173 | D:2      | Slain by an adder

Levels and vault maps discovered:
D:1:      minmay_arrival_hallway, layout_basic, minmay_worlds_worst_comb
D:2:      layout_loops_cross, gammafunk_temple_overflow_elements,
          kiku_gazebo_pond_becter, chequers_big_river, uniq_sigmund

Skill      XL: |  1  2 |
---------------+-------+-----
Stealth        | 5 |  5.6
Short Blades   | |  1.9
Dodging        | |  2.7
Spellcasting   | |  2.0
Hexes          | |  4.9

Action                   || total
-------------------------++-------
Melee: Dagger            ||   111
       Bite              ||     3
 Cast: Corona            ||     2
       Ensorcelled Hiber ||    10
 Abil: Exsanguinate      ||     1
  Use: Potion            ||     5
 Stab: Sleeping          ||    17
Armor: Robe              ||    24
Dodge: Dodged            ||    71

Table legend:
 A = Non-vault XP
 B = Vault XP
 C = Vault XP percentage of total XP
 D = Non-vault monster count
 E = Vault monster count
 F = Vault count percentage of total count
                 A         B        C        D         E       F
            +---------+---------+-------+---------+---------+-------
      Total |      62 |       8 |  11.4 |      37 |       4 |   9.8
            +---------+---------+-------+---------+---------+-------
        D:1 |      38 |       8 |  17.4 |      23 |       4 |  14.8
        D:2 |      24 |       0 |   0.0 |      14 |       0 |   0.0
            +---------+---------+-------+---------+---------+-------
